 Dungeon Crawl Stone Soup version 0.15.2 (webtiles) character file.

70 BoredOne the Twirler (level 4, 34/38 HPs)
             Began as a Minotaur Gladiator on Dec 2, 2014.
             Quit the game on Level 2 of the Dungeon on Dec 4, 2014.
             The game lasted 00:03:17 (1457 turns).

BoredOne the Twirler (Minotaur Gladiator)           Turns: 1457, Time: 00:03:18

HP  34/38        AC 11     Str 23      XL: 4   Next:  3%
MP   2/2         EV  6     Int  6      God:
Gold 109         SH  0     Dex 11      Spells:  0 memorised,  3 levels left

rFire  . . .     SeeInvis .     a - +0 quarterstaff
rCold  . . .     Clarity  .     l - +0 plate armour
rNeg   . . .     rCorr    .     (no shield)
rPois  .         rRot     .     c - +0 hat
rElec  .         Spirit   .     (no cloak)
SustAb .         Warding  .     (no gloves)
rMut   .         Stasis   .     j - +0 pair of boots
Gourm  .                        (no amulet)
MR     .....                    u - +1 ring of dexterity
                                e - +3 ring of strength

@: not resistant to hostile enchantments, extremely unstealthy
A: retaliatory headbutt, horns 2
a: no special abilities


You were on level 2 of the Dungeon.
You were hungry.

You visited 1 branch of the dungeon, and saw 2 of its levels.

You collected 109 gold pieces.


Innate Abilities, Weirdness & Mutations

You reflexively headbutt those who attack you in melee.
You have a pair of horns on your head.


   Skills:
 + Level 3.1 Fighting
 + Level 4.3 Staves
 + Level 2.7 Throwing
 + Level 1.7 Armour
 - Level 3.5 Dodging


You had 3 spell levels left.
You didn't know any spells.

Inventory:

Hand weapons
 a - a +0 quarterstaff (weapon)
Missiles
 d - 3 throwing nets (quivered)
Armour
 b - a +0 leather armour
 c - a +0 hat (worn)
 j - a +0 pair of boots (worn)
 l - a +0 plate armour (worn)
Comestibles
 f - 4 bread rations
 m - a beef jerky
 p - a meat ration
 v - 13 fruits
 w - a chunk of adder flesh {@w1}
Scrolls
 g - 2 scrolls of remove curse {unknown}
 h - 3 scrolls of fear {unknown}
 i - a scroll of random uselessness {unknown}
 k - a scroll of enchant weapon {unknown}
 o - 2 scrolls of teleportation {unknown}
 r - a scroll of identify {unknown}
Jewellery
 e - a +3 ring of strength (left hand)
 u - a +1 ring of dexterity (right hand)
Potions
 n - a potion of agility {unknown}
 q - a potion of resistance {unknown}
 s - a potion of cancellation {unknown}
 t - 2 potions of curing {unknown}

Dungeon Overview and Level Annotations

Branches:
Dungeon (2/15)

Altars:
Fedhas

.. ##.......## ...
#.........# ...
+.........+ ##.!.
#.........# #$..#
##.......## #.#.#
##.....## #.#.#
##...## #.###.#.#
##'## #.....@.# #.#
#####.### #.# #.#
##.## #.#
#####...### #.#
#.........#
#.######.#.#%..#.#
#..........>.....##
########.#..###....
#.#..# #..##


There were no monsters in sight!


Message History

HP restored.
Found 12 gold pieces.
Found 10 gold pieces.
An adder comes into view.
An adder is nearby!
The adder bites you but does no damage.
You see here 12 gold pieces.
Your plate armour prevents you from hitting the adder.
The adder bites you.
You closely miss the adder. The adder bites you but does no damage.
The adder bites you.
You hit the adder.
The adder is heavily wounded.
The adder bites you but does no damage.
You hit the adder.
The adder is severely wounded.
The adder bites you but does no damage.
You barely miss the adder.
The adder is severely wounded.
The adder barely misses you. You furiously retaliate!
You headbutt the adder.
You kill the adder!
Your Fighting skill increases to level 3!
You have reached level 4!
You feel stronger.
You now have 109 gold pieces (gained 12).
Found a viscous white potion.
You see here an adder corpse.
You finish butchering the adder corpse.
w - a chunk of adder flesh {@w1} Are you sure you want to abandon this character and quit the game? (Confirm with "yes".)

Action                   |  1- 3 |  4- 6 || total
-------------------------+-------+-------++-------
Melee: Quarterstaff      |    60 |       ||    60
  Eat: Chunk             |     1 |       ||     1

Vault maps used:
D:1:      matt_arrival_spirals, solitary_fountain, st_stairs_14
D:2:      fedhas_altar_fruit_tree, okawaru_altar_gauntlet_db

Notes
Turn   | Place    | Note
--------------------------------------------------------------
     0 | D:1      | BoredOne, the Minotaur Gladiator, began the quest for the Orb.
     0 | D:1      | Reached XP level 1. HP: 18/18 MP: 1/1
   403 | D:1      | Reached XP level 2. HP: 22/25 MP: 1/1
   956 | D:2      | Reached skill level 4 in Staves
  1050 | D:2      | Reached skill level 1 in Armour
  1050 | D:2      | Reached XP level 3. HP: 30/30 MP: 2/2
  1247 | D:2      | Found a blossoming altar of Fedhas.
  1448 | D:2      | Reached skill level 3 in Fighting
  1448 | D:2      | Reached XP level 4. HP: 33/38 MP: 2/2
  1457 | D:2      | Quit the game

Vanquished Creatures
  5 adders (D:2)
  A giant gecko (D:2)
  A ball python (D:1)
  A goblin (D:2)
  A hobgoblin (D:1)
  4 jackals (D:1)
  2 kobolds
  7 bats
  3 rats
25 creatures vanquished.
